 Dungeon Crawl Stone Soup version 0.30.1-11-g7821555f0a (webtiles) character file.

Game seed: 4975557295863811551

348 monsoonserge the Shooter (level 6, -1/32 HPs)
             Began as a Spriggan Hunter on Nov 7, 2023.
             Blown up by Ijyb (20 damage)
             ... with a mindburst bolt
             ... on level 3 of the Dungeon.
             The game lasted 00:05:21 (2490 turns).

monsoonserge the Shooter (Spriggan Hunter)          Turns: 2490, Time: 00:05:22

Health: -1/32      AC:  2    Str:  7    XL:     6   Next: 33%
Magic:  7/7        EV: 19    Int: 10    God:
Gold:   172        SH:  0    Dex: 21    Spells: 5/5 levels left

rFire   . . .        a - +0 shortbow
rCold   . . .        (shield currently unavailable)
rNeg    + . .        c - +0 robe
rPois   .            (helmet restricted)
rElec   .            (no cloak)
rCorr   .            (gloves unavailable)
SInv    +            (boots unavailable)
Will    +....        e - amulet of the acrobat
Stlth   ++           k - ring of positive energy
HPRegen 0.25/turn    (no ring)
MPRegen 0.10/turn

%: acrobat
@: very quick
A: very small, no large weapons, unfitting armour, see invisible, speed 3
a: no special abilities


You were on level 3 of the Dungeon.
You visited 1 branch of the dungeon, and saw 5 of its levels.

You collected 172 gold pieces.

Inventory:

Hand Weapons
 a - a +0 shortbow (weapon)
 i - a +0 sling
Armour
 c - a +0 robe (worn)
Jewellery
 e - an amulet of the acrobat (around neck)
 k - a ring of positive energy (left hand)
Scrolls
 b - 2 scrolls of immolation
 d - a scroll of blinking {unknown}
 h - a scroll of enchant weapon {unknown}
 j - 2 scrolls of identify {unknown}
 m - a scroll of noise {unknown}
 o - a scroll of magic mapping {unknown}
 p - 2 scrolls of vulnerability {unknown}
Potions
 f - a potion of attraction {unknown}
 g - a potion of ambrosia {unknown}
 l - a potion of curing
 n - a potion of flight {unknown}
 q - a potion of resistance {unknown}
 r - 2 potions of magic {unknown}
 s - 3 potions of haste {unknown}


   Skills:
 + Level 2.6 Fighting
 + Level 6.9 Ranged Weapons
 + Level 3.4 Dodging
 + Level 2.1 Stealth


You had 5 spell levels left.
You didn't know any spells.
Your spell library was empty.

Dungeon Overview and Level Annotations

Branches:
Dungeon (5/15)
 Temple: D:4-7

Altars:
Dithmenos
Fedhas
Hepliaklqana
Kikubaaqudgha
Trog
The Shining One

Annotations:
D:3 Ijyb


Innate Abilities, Weirdness & Mutations

You are very small and have problems with some larger weapons.
You are too small for most types of armour.
You have supernaturally acute eyesight. (SInv)
You cover ground extremely quickly. (Speed+++)


Message History

The arrow closely misses the water moccasin.
You shoot an arrow. The arrow hits the water moccasin.
The water moccasin is lightly wounded.
The water moccasin bites you.
You shoot an arrow.
The arrow barely misses the water moccasin.
You shoot an arrow.
The arrow hits the water moccasin but does no damage.
The water moccasin is lightly wounded.
The water moccasin barely misses you.
You shoot an arrow. The arrow hits the water moccasin!
The water moccasin is heavily wounded.
You shoot an arrow. The arrow hits the water moccasin!
The water moccasin is severely wounded.
You shoot an arrow. The arrow hits the water moccasin!
You kill the water moccasin!
You have reached level 6!
Your library has no spells.
There is a stone staircase leading up here.
You climb upwards.
Level annotation: Ijyb Ijyb zaps a wand.
Your mind is blasted!
There is a stone staircase leading down here.
You shoot an arrow. The arrow hits Ijyb but does no damage.
You shoot an arrow. The arrow hits Ijyb but does no damage.
You shoot an arrow. The arrow hits Ijyb!
Ijyb is moderately wounded.
You shoot an arrow. The arrow hits Ijyb but does no damage.
Ijyb is moderately wounded.
Ijyb zaps a wand.
You resist with significant effort.
You shoot an arrow. The arrow hits Ijyb.
Ijyb is heavily wounded.
You shoot an arrow. The arrow hits Ijyb but does no damage.
Ijyb is heavily wounded.
You shoot an arrow. The arrow hits Ijyb.
Ijyb is severely wounded.
Ijyb screams, "You nasty!
Big nasty!"
Ijyb zaps a wand.
Your mind is blasted!
Ouch! That really hurt!
You die...

.....# .....#
###### # #+# # #.#
# #.#
############.#
........#....######
........+.......@.#
........#.###...g.#
######### ##
###.......# #.....#
#........ .#
#..###### #.....#
#.####### .#
###..### #.....#
#.#.....# g#
.....[.# #.....#
#g#.#..## .#
.#####(# ####.##
#.#.#.####.# .#
#...#
###.####.#........#
.# #.####
#........#...######


You could see Ijyb.

Vanquished Creatures
  A water moccasin (D:4)
  A black bear (D:3)
  A hound (D:5)
  An iguana (D:5)
  3 adders
  A gnoll (D:1)
  A white imp (D:3)
  2 worms (D:2)
  5 orcs
  2 ball pythons (D:2)
  3 endoplasms
  2 giant cockroaches (D:3)
  2 goblins (D:2)
  4 hobgoblins
  7 kobolds
  2 quokkas (D:1)
  5 bats
  3 frilled lizards
  3 rats
49 creatures vanquished.

Notes
Turn   | Place    | Note
-------+----------+-------------------------------------------
     0 | D:1      | monsoonserge the Spriggan Hunter began the quest for the
                  | Orb.
     0 | D:1      | Reached XP level 1. HP: 10/10 MP: 2/2
    73 | D:1      | Reached XP level 2. HP: 15/15 MP: 3/3
   287 | D:1      | Found a faded altar of an unknown god.
   465 | D:2      | Reached XP level 3. HP: 18/18 MP: 4/4
   492 | D:2      | Found a blossoming altar of Fedhas.
   567 | D:2      | Reached skill level 5 in Ranged Weapons
   586 | D:2      | Identified the +6 hand axe of Etuozoj {flame, rF+ rC- rN++
                  | Int+3}
   933 | D:3      | Noticed a black bear
   963 | D:3      | Killed a black bear
   964 | D:3      | Reached skill level 6 in Ranged Weapons
   964 | D:3      | Reached XP level 4. HP: 23/23 MP: 5/5
   964 | D:3      | Reached XP level 5. HP: 26/26 MP: 6/6
  1156 | D:3      | Found a glowing golden altar of the Shining One.
  1160 | D:3      | Found a hazy altar of Hepliaklqana.
  1162 | D:3      | Found an ancient bone altar of Kikubaaqudgha.
  1162 | D:3      | Found a bloodstained altar of Trog.
  1409 | D:3      | Noticed Ijyb
  1611 | D:4      | Found a shadowy altar of Dithmenos.
  2285 | D:5      | Entered Level 5 of the Dungeon
  2354 | D:5      | Noticed an ogre
  2356 | D:5      | Noticed a water moccasin
  2360 | D:5      | Noticed an ogre
  2361 | D:5      | Noticed a black bear
  2473 | D:4      | Killed a water moccasin
  2474 | D:4      | Reached XP level 6. HP: 32/32 MP: 7/7
  2490 | D:3      | Blown up by Ijyb

Illustrated notes

Levels and vault maps discovered:
D:1:      saegor_arrival_simple_e, layout_basic,
          shapermc_ecumenical_altar_starsandcircs
D:2:      layout_basic, basic_altar
D:3:      layout_basic, chequers_temple_overflow_statue_of_worship, uniq_ijyb
D:4:      layout_cave_pods, mainiacjoe_overflow_small_starburst
D:5:      layout_basic, temple_pool_b, kennysheep_generic_room_9

Skill      XL: |  1  2  3  4  5 |
---------------+----------------+-----
Ranged Weapons | 6 |  6.9
Dodging        | 3 |  3.4
Fighting       | 2 |  2.6
Stealth        | 2 |  2.1

Action                     |  1- 3 |  4- 6 || total
---------------------------+-------+-------++-------
   Fire: Shortbow          |    84 |   114 ||   198
 Armour: Robe              |     3 |     5 ||     8
  Dodge: Dodged            |    26 |    36 ||    62
